 Dungeon Crawl Stone Soup version 0.20-a0-513-g02c11fc (webtiles) character file.

112 M4edhros the Vexing (level 5, -2/37 HPs)
             Began as a Formicid Arcane Marksman on Jan 22, 2017.
             Slain by a gnoll
             ... wielding a +0 spear
              (10 damage)
             ... on level 2 of the Dungeon.
             The game lasted 00:02:04 (1671 turns).

M4edhros the Vexing (Formicid Arcane Marksman)      Turns: 1671, Time: 00:02:05

Health: -2/37      AC:  2    Str: 19    XL:     5   Next: 16%
Magic:  6/6        EV: 13    Int: 13    God:
Gold:   95         SH:  0    Dex: 12    Spells: 5/6 levels left

rFire    . . .     SeeInvis +   a - +0 hunting sling
rCold    . . .     Gourm    .   e - +0 robe
rNeg     . . .     Faith    .   (no shield)
rPois    +         Spirit   .   (helmet unavailable)
rElec    .         Reflect  .   (no cloak)
rCorr    .         Harm     .   (no gloves)
MR       .....                  (no boots)
Stlth    +.........             (no amulet)
Regen    0.2/turn               (no ring)
                                b - ring of poison resistance

@: mighty
A: permanent stasis, dig shafts and tunnels, four strong arms, antennae 3
a: Dig, Shaft Self


You were on level 2 of the Dungeon.
You were not hungry.

You visited 1 branch of the dungeon, and saw 2 of its levels.

You collected 95 gold pieces.

Inventory:

Hand Weapons
 a - a +0 hunting sling (weapon)
Missiles
 d - 29 sling bullets (quivered)
 g - 91 stones
Armour
 e - a +0 robe (worn)
Jewellery
 b - a ring of poison resistance (left hand)
Scrolls
 h - a scroll of amnesia {unknown}
 i - a scroll of enchant weapon {unknown}
 j - 5 scrolls of identify {unknown}
 o - a scroll of noise {unknown}
 q - a scroll of random uselessness {unknown}
 r - a scroll of magic mapping {unknown}
Potions
 l - a potion of might
 m - a potion of invisibility {unknown}
 p - a potion of brilliance {unknown}
 s - a potion of lignification {unknown}
Books
 c - a book of Debilitation

   Spells                             Type                      Level
   a - Corona                         Hexes                        1
   b - Slow                           Hexes                        2
   c - Gell's Gravitas                Hexes/Translocation          3
   d - Inner Flame                    Hexes/Fire                   3
   e - Cause Fear                     Hexes                        4
   f - Leda's Liquefaction            Hexes/Earth                  4
Comestibles
 f - 2 bread rations
 n - a royal jelly


   Skills:
 - Level 1.1 Fighting
 * Level 4.2 Slings
 + Level 2.6 Dodging
 - Level 1.1 Spellcasting
 + Level 4.3 Hexes


You had 5 spell levels left.
You knew the following spells:

 Your Spells              Type           Power        Failure   Level  Hunger
a - Corona                Hex            ##.....      6%          1    ##.....


Dungeon Overview and Level Annotations

Branches:
Dungeon (2/15)

Altars:


Innate Abilities, Weirdness & Mutations

You cannot be hasted, slowed, berserked, paralysed or teleported.
You can dig through walls and to a lower floor.
Your four strong arms can wield two-handed weapons with a shield.
You have a pair of large antennae on your head. (SInv)


Message History

Press: ? - help, Shift-Dir - straight line, f/p - giant cockroach
Aim: a giant cockroach (clinging)
You shoot a sling bullet.
The sling bullet closely misses the giant cockroach.
The sling bullet hits the gnoll.
The gnoll is lightly wounded.
The giant cockroach misses you.
The gnoll hits you from afar with a spear!
* * * LOW HITPOINT WARNING * * *
Firing (i - inventory. (,) - cycle):
d - 30 sling bullets (quivered)
Press: ? - help, Shift-Dir - straight line, f/p - giant cockroach
Aim: a giant cockroach (clinging)
You shoot a sling bullet.
The sling bullet barely misses the giant cockroach.
The sling bullet hits the gnoll!
The gnoll is severely wounded.
The giant cockroach waves its antennae.
The giant cockroach closely misses you.
The gnoll hits you from afar with a spear!
You die...

###.##.....#######
#.######..#..... #...#
##>...... ###.# ###.....
#.# #..... #########.###
#.†...
#...........#####.....
##.######...##..†.....
#...@.####..#.##.....
#####s(#......>......
##g..###.#######.
#########......#.### ##
.......(...........#
....(g####.........######
(?..( #...>"..........
(..s #.....(....##### !..
#######..#......


You could see a gnoll and a giant cockroach.

Vanquished Creatures
  2 gnolls (D:2)
  3 adders (D:2)
  An ooze (D:1)
  2 dart slugs (D:1)
  2 worms (D:2)
  3 leopard geckos (D:1)
  2 giant cockroaches
  6 hobgoblins (D:1)
  7 jackals
  A ball python (D:1)
  6 bats (D:1)
  5 frilled lizards
  6 goblins
  A kobold (D:1)
  6 rats
53 creatures vanquished.

Notes
Turn   | Place    | Note
-------+----------+-------------------------------------------
     0 | D:1      | M4edhros the Formicid Arcane Marksman began the quest for the Orb.
     0 | D:1      | Reached XP level 1. HP: 15/15 MP: 2/2
   255 | D:1      | Reached XP level 2. HP: 19/21 MP: 3/3
   386 | D:1      | Reached XP level 3. HP: 26/26 MP: 4/4
  1052 | D:1      | Reached XP level 4. HP: 27/32 MP: 5/5
  1666 | D:2      | Reached XP level 5. HP: 15/37 MP: 6/6
  1671 | D:2      | Slain by a gnoll

Vault maps used:
D:1:      dpeg_arrival_rooms_with_view, minmay_octomino_c4
D:2:      makhleb_blood_cavern_becter, first_bread

Skill      XL: |  1  2  3  4 |
---------------+-------------+-----
Slings         | 3 4 |  4.2
Dodging        | 2 |  2.6
Hexes          | 4 |  4.3
Fighting       | |  1.1
Spellcasting   | |  1.1

Action                   |  1- 3 |  4- 6 || total
-------------------------+-------+-------++-------
 Fire: Hunting sling     |   144 |    92 ||   236
 Abil: Dig               |       |     1 ||     1
  Use: Potion            |       |     2 ||     2
  Eat: Chunk             |       |     2 ||     2
Armor: Robe              |    20 |    11 ||    31
Dodge: Dodged            |    64 |    34 ||    98
